 Dungeon Crawl Stone Soup version 0.25.0-1-g7eea58d2a3 (webtiles) character file.

Game seed: 12126974811673020149

2086 MordorOrchid the Chiller (level 9, 0/55 HPs)
             Began as an Octopode Ice Elementalist on June 14, 2020.
             Was an Initiate of Gozag.
             Slain by a wight
             ... wielding a cursed +0 spear
              (2 damage)
             ... on level 8 of the Dungeon.
             The game lasted 00:32:30 (7955 turns).

MordorOrchid the Chiller (OpIE)                     Turns: 7955, Time: 00:32:31

Health: 0/55       AC:  7    Str:  7    XL:     9   Next: 27%
Magic:  10/19      EV: 14    Int: 20    God:    Gozag
Gold:   781        SH:  3    Dex: 13    Spells: 4/22 levels left

rFire    + . .     SeeInvis .   E - +2 flail (holy)
rCold    . . .     Gourm    .   C - +0 buckler
rNeg     . . .     Faith    .   (helmet restricted)
rPois    +         Spirit   .   D - amulet of magic regeneration
rElec    .         Reflect  .   k - ring of protection from fire
rCorr    .         Harm     .   n - ring of poison resistance
MR       .....                  (no ring)
Stlth    +++.......             (no ring)
HPRegen  0.18/turn              (no ring)
MPRegen  0.41/turn              (no ring)
                                (no ring)
                                (no ring)

@: icy armour, gold aura, lightly drained
A: almost no armour, stealthy swim, amphibious, 8 rings, constrict 8, camouflage
1, gelatinous body 1
a: Potion Petition, Call Merchant, Bribe Branch, Renounce Religion


You were on level 8 of the Dungeon.
You worshipped Gozag.
Gozag was pleased with you.
You were very hungry.

You visited 1 branch of the dungeon, and saw 8 of its levels.
You also visited: Sewer.

You collected 1328 gold pieces.
You spent 494 gold pieces at shops.
You paid 53 gold pieces to Gozag.

Inventory:

Hand Weapons
 g - a +0 short sword
 q - a +3 quarterstaff of chaos
 E - a +2 flail of holy wrath (weapon)
Missiles
 d - 194 stones (quivered)
 h - 24 poisoned darts
 i - 127 arrows
 j - 11 bolts
 v - 15 sling bullets
 y - 5 boomerangs
 z - a throwing net
 B - 6 datura-tipped darts
Armour
 C - a +0 buckler (worn)
Jewellery
 k - a ring of protection from fire (left tentacle)
 n - a ring of poison resistance (right tentacle)
 D - an amulet of magic regeneration (around mantle)
Wands
 I - a wand of random effects (8)
Scrolls
 a - 5 scrolls of blinking
 e - a scroll of remove curse
 l - a scroll of fog {unknown}
 m - 3 scrolls of fear
 r - a scroll of noise
 s - a scroll of magic mapping {unknown}
 t - 2 scrolls of immolation
 u - 5 scrolls of teleportation
 w - a scroll of amnesia
 F - a scroll of enchant armour {unknown}
 G - a scroll of summoning {unknown}
Potions
 c - 2 potions of might {unknown}
 f - 3 potions of heal wounds
 o - a potion of degeneration {unknown}
 p - a potion of haste {unknown}
 x - 2 potions of lignification
 A - a potion of brilliance {unknown}
 H - a potion of curing
Comestibles
 b - 10 rations


   Skills:
 * Level 2.6(2.1) Fighting
 * Level 5.1(4.5) Dodging
 - Level 3.0(2.4) Stealth
 * Level 1.2(0.7) Shields
 - Level 7.0(6.4) Spellcasting
 - Level 1.0(0.5) Charms
 * Level 3.7(3.2) Summonings
 + Level 7.2(6.6) Ice Magic


You had 4 spell levels left.
You knew the following spells:

 Your Spells              Type           Power        Failure   Level  Hunger
a - Freeze                Ice            ####         1%          1    None
b - Frozen Ramparts       Ice            ####..       3%          3    ##.....
c - Call Canine Familiar  Summ           ###.....     12%         3    ##.....
r - Hailstorm             Conj/Ice       ###.....     36%         4    ####...
s - Summon Ice Beast      Ice/Summ       ####....     21%         4    ####...
y - Ozocubu's Armour      Chrm/Ice       ###.....     11%         3    ##.....

Your spell library contained the following spells:

 Spells                   Type           Power        Failure   Level  Hunger
 Summon Small Mammal      Summ           ###.         4%          1    None
 Call Imp                 Summ           ###.....     6%          2    None
 Summon Guardian Golem    Hex/Summ       ##......     24%         3    ##.....
 Summon Lightning Spire   Summ/Air       ##......     61%         4    ####...


Dungeon Overview and Level Annotations

Branches:
Dungeon (8/15)             Temple (0/1) D:4           Sewer (visited)
   Lair: D:8-11

Altars:
Ashenzari
Cheibriados
Elyvilon
Fedhas
Gozag
Hepliaklqana
Nemelex Xobeh
Sif Muna
Yredelemnul
The Shining One

Shops:
D:6 ([=(

Annotations:
D:6 exclusion: iron imp


Innate Abilities, Weirdness & Mutations

You cannot wear most types of armour.
You are very stealthy in the water. (Stealth+)
You are amphibious.
You can wear up to eight rings at the same time.
You can use your tentacles to constrict eight enemies at once.
Your skin changes colour to match your surroundings (Stealth+).
Your rubbery body absorbs attacks. (AC +1, EV +1)


Message History

You don't know that spell.
Casting: Frozen Ramparts (dangerous; 2% risk of failure)
Confirm with . or Enter, or press ? or * to list all spells.
A film of ice covers your body!
You constrict the wight, but do no damage.
You hit the wight but do no damage. You squeeze the wight.
The wight is severely damaged.
You constrict the wight.
The wight hits you with a +1 morningstar.
* * * LOW HITPOINT WARNING * * *
The wight barely misses you.
The wight hits you from afar with a cursed +0 spear!
* * * LOW HITPOINT WARNING * * *
You feel drained.
* * * LOW HITPOINT WARNING * * *
You thump the wight!
You destroy the wight!
The wight hits you from afar with a cursed +0 spear.
You die...
Your body crumbles into a pile of gold.

...............##.....#
...............##.....#
..........###.........#
.........####..##.....#
......##.#.....##.....#
.#### #.#.##.#########
#z#.##.# # ..
#.$.$..#.# .. ###@###.#
.# #######.# .##
..#.......#.#
#.#.#####..#
#.#.#####.#.#
#.###.......#.##.#
#.........#.#.# #.#
##.####.#...#.# #.# #
#<......# ##


You could see a wight.

Vanquished Creatures
  A hippogriff (D:7)
  A nameless horror (D:5)
  An orc warrior (D:6)
  A sky beast (D:6)
  A phantom (D:5)
  A centaur (D:6)
  A big kobold (D:4)
  2 bullfrogs
  A scorpion (D:6)
  2 wights (D:8)
  4 crimson imps
  2 bullfrog zombies
  A centaur zombie (D:7)
  A jelly (D:6)
  5 hounds
  Crazy Yiuf (D:5)
  3 orc priests
  4 orc wizards
  An iguana (D:4)
  4 worker ants
  A hound zombie (D:5)
  2 hound skeletons
  8 gnolls
  10 adders
  A shadow imp (D:6)
  3 oozes
  An adder skeleton (D:7)
  2 worms
  2 dart slugs (D:1)
  8 leopard geckos
  21 orcs
  4 ball pythons
  8 giant cockroaches
  6 hobgoblins
  21 jackals
  A ball python skeleton (D:4)
  5 bats
  4 frilled lizards
  4 goblins
  A jackal skeleton (D:7)
  5 kobolds
  7 rats
  A plant (Sewer)
164 creatures vanquished.

Vanquished Creatures (collateral kills)
  An ogre (D:5)
  A wyvern skeleton (D:7)
2 creatures vanquished.

Vanquished Creatures (others)
  A wight (D:8)
  A plant (Sewer)
2 creatures vanquished.

Grand Total: 168 creatures vanquished

Notes
Turn   | Place    | Note
-------+----------+-------------------------------------------
     0 | D:1      | MordorOrchid the Octopode Ice Elementalist began the quest
                  | for the Orb.
     0 | D:1      | Reached XP level 1. HP: 11/11 MP: 3/3
   399 | D:1      | Reached XP level 2. HP: 18/18 MP: 5/5
   400 | D:1      | Reached skill level 1 in Fighting
   801 | D:1      | Reached XP level 3. HP: 13/23 MP: 2/6
   806 | D:1      | Learned a level 3 spell: Frozen Ramparts
  1500 | D:2      | Found a basalt altar of Yredelemnul.
  2553 | D:3      | Found an opulent altar of Gozag.
  2560 | D:3      | Became a worshipper of Gozag Ym Sagoz the Greedy
  2819 | D:3      | Reached XP level 4. HP: 29/29 MP: 5/7
  3268 | D:3      | Reached XP level 5. HP: 24/34 MP: 0/9
  3672 | D:3      | Learned a level 3 spell: Ozocubu's Armour
  3979 | D:4      | Reached XP level 6. HP: 39/39 MP: 7/11
  3987 | D:4      | Learned a level 4 spell: Summon Ice Beast
  4291 | D:4      | Reached skill level 5 in Ice Magic
  4334 | D:4      | Found a staircase to the Ecumenical Temple.
  4407 | D:4      | Reached skill level 1 in Summonings
  4407 | D:4      | Reached XP level 7. HP: 39/45 MP: 9/13
  4538 | D:4      | Found a white marble altar of Elyvilon.
  4973 | D:5      | Entered Level 5 of the Dungeon
  4989 | D:5      | Found a shattered altar of Ashenzari.
  5053 | D:5      | Reached skill level 5 in Spellcasting
  5122 | D:5      | Found a glowing golden altar of the Shining One.
  5196 | D:5      | Noticed a nameless horror
  5227 | D:5      | Killed a nameless horror
  5245 | D:5      | HP: 1/45 [phantom (8)]
  5327 | D:4      | Learned a level 3 spell: Call Canine Familiar
  5829 | D:5      | Found a runed translucent door.
  5830 | D:5      | Noticed Crazy Yiuf
  5849 | D:5      | Killed Crazy Yiuf
  5849 | D:5      | Reached XP level 8. HP: 44/50 MP: 12/16
  6000 | D:5      | Learned a level 4 spell: Hailstorm
  6071 | D:6      | Found a hazy altar of Hepliaklqana.
  6073 | D:6      | Found a glowing drain.
  6158 | Sewer    | Entered a sewer
  6710 | D:6      | Found a sparkling altar of Nemelex Xobeh.
  6942 | D:6      | Found Pigev's Antique Armour Emporium.
  6942 | D:6      | Found Kavoa's Jewellery Shoppe.
  7120 | D:6      | Found Toghinn's Weapon Shop.
  7126 | D:6      | Found a snail-covered altar of Cheibriados.
  7183 | D:6      | Found a shimmering blue altar of Sif Muna.
  7217 | D:6      | Found Ahielid's Weapon Shop.
  7314 | D:6      | Reached XP level 9. HP: 47/54 MP: 15/19
  7352 | D:6      | Bought 6 datura-tipped darts for 31 gold pieces
  7363 | D:6      | Bought a buckler for 103 gold pieces
  7374 | D:6      | Bought an uncursed amulet of magic regeneration for 360
                  | gold pieces
  7570 | D:7      | Reached skill level 5 in Dodging
  7585 | D:7      | Reached skill level 1 in Charms
  7630 | D:7      | Found a blossoming altar of Fedhas.
  7658 | D:7      | Reached skill level 1 in Shields
  7954 | D:8      | HP: 2/55 [wight/cursed +0 spear (8)]
  7955 | D:8      | Slain by a wight

Illustrated notes

Levels and vault maps discovered:
D:1:      mrwooster_arrival_statue, layout_basic, minmay_pentomino_w2
D:2:      layout_basic, old_standard_altar, chequers_serial_rivers_micro_a
D:3:      layout_basic, overflow_temple_1_default, first_ration
D:4:      layout_gridville, kennysheep_mini_moat, minmay_temple_entry_arrows
D:5:      layout_basic, old_standard_altar, evilmike_ruin_ashenzari,
          uniq_crazy_yiuf_cottage
D:6:      layout_cave_pools, lemuel_doored_altar, slow_altar_1,
          grunt_temple_overflow_open, cheibrodos_sewer_entry_drain,
          serial_shops, shop, nicolae_shop_overgrown_old_shop, shop, shop,
          nicolae_shop_trees
D:7:      layout_cave_pools, fedhas_ov_isle_minmay, grunt_decor_arrowhead,
          minivault_25, serial_bayou_crossing
D:8:      layout_loops_cross, grunt_dithmenos_smoke, uniq_prince_ribbit1

Skill      XL: |  1  2  3  4  5  6  7  8  9 |
---------------+----------------------------+-----
Fighting       | 1 2 |  2.6
Stealth        | 3 |  3.0
Dodging        | 3 4 5 |  5.1
Spellcasting   | 3 4 5 6 7 |  7.0
Ice Magic      | 5 6 7 |  7.2
Summonings     | 1 2 3 |  3.7
Charms         | 1 |  1.0
Shields        | 1 |  1.2

Action                   |  1- 3 |  4- 6 |  7- 9 || total
-------------------------+-------+-------+-------++-------
Melee: Unarmed           |     3 |       |       ||     3
       Constrict         |     5 |     6 |    20 ||    31
       Short sword       |    35 |    18 |   119 ||   172
       Tentacles         |     2 |     5 |    38 ||    45
       Club              |     1 |       |       ||     1
       Flail             |       |       |    23 ||    23
Throw: Stone             |     3 |    14 |    11 ||    28
 Cast: Freeze            |    23 |     4 |    21 ||    48
       Frozen Ramparts   |     6 |    17 |    62 ||    85
       Call Canine Famil |       |       |     4 ||     4
       Ozocubu's Armour  |       |       |     7 ||     7
       Summon Ice Beast  |       |       |     3 ||     3
  Use: Scroll            |     2 |     4 |     7 ||    13
       Potion            |       |       |     7 ||     7
 Stab: Sleeping          |    13 |     3 |     6 ||    22
       Invisible         |       |       |     6 ||     6
  Eat: Chunk             |     6 |       |       ||     6
       Ration            |       |     2 |     4 ||     6
Armor: Skin              |     4 |     1 |    11 ||    16
Dodge: Dodged            |    28 |    20 |    95 ||   143
Block: Buckler           |       |       |     4 ||     4
